 Dungeon Crawl Stone Soup version 0.24.1 (webtiles) character file.

Game seed: 3633129221477561799, levelgen mode: deterministic

69 droganthewolf the Covered (level 4, -10/40 HPs)
             Began as a Hill Orc Fighter on Mar 26, 2020.
             Killed by nerve-wracking pain
             ... invoked by a shadow imp
             ... summoned by Natasha
              (14 damage)
             ... on level 2 of the Dungeon.
             The game lasted 00:13:43 (1989 turns).

droganthewolf the Covered (Hill Orc Fighter)        Turns: 1989, Time: 00:13:44

Health: -10/40     AC: 11    Str: 19    XL:     4   Next: 20%
Magic:  4/4        EV:  3    Int:  8    God:
Gold:   66         SH:  9    Dex: 10    Spells: 3/3 levels left

rFire    . . .     SeeInvis .   a - +0 war axe
rCold    . . .     Gourm    .   c - +0 shield
rNeg     . . .     Faith    .   p - +0 plate armour
rPois    .         Spirit   .   (no helmet)
rElec    .         Reflect  .   (no cloak)
rCorr    .         Harm     .   (no gloves)
MR       .....                  (no boots)
Stlth    ..........             (no amulet)
HPRegen  0.13/turn              (no ring)
MPRegen  0.09/turn              (no ring)

@: slowed, very slow
A: no striking features
a: no special abilities


You were on level 2 of the Dungeon.
You were hungry.

You visited 1 branch of the dungeon, and saw 2 of its levels.

You collected 66 gold pieces.

Inventory:

Hand Weapons
 a - a +0 war axe (weapon)
Missiles
 e - 28 poisoned darts (quivered)
Armour
 c - a +0 shield (worn)
 p - a +0 plate armour (worn)
Jewellery
 o - a +2 ring of evasion {unknown}
Scrolls
 g - a scroll of remove curse {unknown}
 h - 2 scrolls of enchant armour {unknown}
 i - 2 scrolls of identify {unknown}
 j - 2 scrolls of teleportation {unknown}
Potions
 d - 2 potions of might
 k - a potion of flight {unknown}
 l - a potion of curing {unknown}
 m - a potion of heal wounds {unknown}
 n - a potion of cancellation {unknown}
Comestibles
 f - 3 rations


   Skills:
 + Level 4.0 Fighting
 + Level 4.0 Axes
 + Level 4.1 Armour
 + Level 3.7 Shields


You had 3 spell levels left.
You didn't know any spells.
Your spell library was empty.

Dungeon Overview and Level Annotations

Branches:
Dungeon (2/15)

Altars:
Gozag
Sif Muna

Annotations:
D:2 Natasha


Message History

Natasha claws you but does no damage. The iron imp hits you.
* * * LOW HITPOINT WARNING * * *
Natasha casts a spell.
Your shield and plate armour prevent you from hitting the iron imp.
The iron imp is severely wounded.
You block the iron imp's attack.
You hit the iron imp but do no damage.
The iron imp is severely wounded.
You block the iron imp's attack.
The iron imp hits you but does no damage.
You hit the iron imp.
You kill the iron imp!
Natasha stares at you and mumbles some strange words.
The magic dart hits you but does no damage.
You block the shadow imp's attack.
Your plate armour prevents you from hitting the shadow imp.
The shadow imp disappears in a puff of smoke!
The shadow imp gestures at you. Pain shoots through your body!
You die...

.# #.. .# #.. .# ### #.. .# ..#
#.. .# #.# #.. .# #.# #####+###
#.. .# #.# #........ #..
.######.##########5....... #..
.#...........>..@§h....... #..
#######.#......###........ ###
....###.#......# #........ #.#
.†......#......# #.[...... #.#
###.#####......# #####+### #.#
#.#..........#######.########..
###'#.###.##.....................
......# #.##.#.#######.##########
......# #.#..#.# #.# #


You could see Natasha and a shadow imp.

Vanquished Creatures
  Terence (D:2)
  An ooze (D:1)
  2 dart slugs (D:1)
  A leopard gecko (D:1)
  6 bats (D:1)
  A giant cockroach (D:1)
  5 goblins
  5 hobgoblins
  A ball python (D:1)
  3 frilled lizards (D:1)
  3 kobolds (D:1)
  6 rats
35 creatures vanquished.

Notes
Turn   | Place    | Note
-------+----------+-------------------------------------------
     0 | D:1      | droganthewolf the Hill Orc Fighter began the quest for the
                  | Orb.
     0 | D:1      | Reached XP level 1. HP: 19/19 MP: 1/1
   148 | D:1      | Reached XP level 2. HP: 27/27 MP: 2/2
   314 | D:1      | Reached XP level 3. HP: 29/33 MP: 3/3
  1640 | D:2      | Noticed Terence
  1656 | D:2      | Killed Terence
  1656 | D:2      | Reached XP level 4. HP: 16/40 MP: 4/4
  1838 | D:2      | Found an opulent altar of Gozag.
  1927 | D:2      | Found a shimmering blue altar of Sif Muna.
  1965 | D:2      | Noticed Natasha
  1984 | D:2      | HP: 2/40 [iron imp[Natasha] (3)]
  1989 | D:2      | Killed from afar by a shadow imp

Levels and vault maps discovered:
D:1:      minmay_arrival_jagged, layout_loops_corners,
          chequers_serial_rivers_large_a
D:2:      layout_basic, grunt_gozag_statues, lemuel_blue_sif_altar,
          kennysheep_small_spiral, uniq_natasha, uniq_terence

Skill      XL: |  1  2  3 |
---------------+----------+-----
Axes           | 3 4 |  4.0
Fighting       | 4 |  4.0
Armour         | 4 |  4.1
Shields        | |  3.7

Action                   |  1- 3 |  4- 6 || total
-------------------------+-------+-------++-------
Melee: War axe           |   107 |    21 ||   128
  Eat: Chunk             |     2 |     1 ||     3
Armor: Scale mail        |    48 |       ||    48
       Plate armour      |       |    16 ||    16
Dodge: Dodged            |    30 |     2 ||    32
Block: Shield            |    57 |    11 ||    68
